General information
- name: BNet
- type: Ladder team game (AT/RT)
- host: Battle.net
- saver: ThePunished
map: Cherryville
- players: 8
- length: 37:11
- speed: Fast
- version: 1.26 W3XP
- replay type: Public
» download(209 KB)
Players
team 1 (winner)
LessQQMorePew (
orange | 51 APM | 505 actions | 09:52)
2 Death Knight
1 Death Coil
1 Unholy Aura
» actions
| Assign group hotkey | 7 | |
| Build / train | 32 | |
| Enter build submenu | 18 | |
| Enter hero's abilities submenu | 2 | |
| Remove unit from queue | 4 | |
| Right click | 176 | |
| Select / deselect | 93 | |
| Select group hotkey | 143 | |
| Use ability | 30 | |
505 total
» units
| Acolyte | 11 | |
| Ghoul | 2 | |
| Crypt Fiend | 5 | |
18 total
» upgrades
| Creature Carapace | 1 | |
| Creature Attack | 1 | |
2 total
» buildings
| Graveyard | 1 | |
| Crypt | 1 | |
| Ziggurat | 8 | |
| Altar of Darkness | 1 | |
| Tomb of Relics | 1 | |
| Halls of the Dead | 4 | |
16 total
» build order
00:40 Graveyard
00:45 Crypt
00:58 Ziggurat
01:00 Ziggurat
01:08 Altar of Darkness
01:21 Tomb of Relics
01:36 Ziggurat
03:40 Ziggurat
05:28 Ziggurat
07:07 Halls of the Dead
07:07 Halls of the Dead
07:07 Halls of the Dead
07:42 Ziggurat
07:43 Ziggurat
07:47 Ziggurat
» items
LiquidKushh (
blue | 25 APM | 295 actions | 12:00)
2 Priestess of the Moon
1 Trueshot Aura
1 Searing Arrows
» actions
| Assign group hotkey | 3 | |
| Build / train | 34 | |
| Enter build submenu | 20 | |
| Enter hero's abilities submenu | 2 | |
| Remove unit from queue | 1 | |
| Right click | 116 | |
| Select / deselect | 75 | |
| Select group hotkey | 26 | |
| Use ability | 18 | |
295 total
» units
» upgrades
| Strength of the Wild | 3 | |
| Reinforced Hides | 1 | |
4 total
» buildings
| Moon Well | 8 | |
| Altar of Elders | 1 | |
| Ancient of War | 1 | |
| Tree of Ages | 1 | |
| Hunter's Hall | 1 | |
| Tree of Life | 2 | |
| Tree of Eternity | 1 | |
| Ancient of Wind | 2 | |
| Black Citadel | 1 | |
| Chimaera Roost | 2 | |
20 total
» build order
00:31 Moon Well
00:37 Altar of Elders
00:53 Ancient of War
01:40 Moon Well
03:04 Tree of Ages
03:12 Hunter's Hall
06:01 Tree of Life
06:25 Tree of Life
06:39 Moon Well
07:09 Tree of Eternity
07:13 Ancient of Wind
07:21 Moon Well
08:47 Moon Well
10:15 Moon Well
10:22 Black Citadel
10:57 Chimaera Roost
11:02 Chimaera Roost
11:12 Ancient of Wind
11:22 Moon Well
11:31 Moon Well
ThePunished (
yellow | 84 APM | 3109 actions | 37:11)
7 Archmage
3 Summon Water Elemental
3 Brilliance Aura
1 Mass Teleport
1 Priestess of the Moon
1 Trueshot Aura
» actions
| Assign group hotkey | 64 | |
| Basic commands | 74 | |
| Build / train | 140 | |
| ESC pressed | 2 | |
| Enter build submenu | 61 | |
| Enter hero's abilities submenu | 8 | |
| Give item / drop item | 2 | |
| Remove unit from queue | 1 | |
| Right click | 1024 | |
| Select / deselect | 618 | |
| Select group hotkey | 998 | |
| Use ability | 117 | |
3109 total
» units
| Peasant | 15 | |
| Footman | 4 | |
| Flying Machine | 27 | |
| Goblin Shredder | 1 | |
| Goblin Sapper | 1 | |
48 total
» upgrades
| Masonry | 3 | |
| Defend | 1 | |
| Swords | 3 | |
| Gunpowder | 3 | |
| Flare | 1 | |
| Flying Machine Bombs | 1 | |
| Flak Cannons | 1 | |
| Plating | 3 | |
| Lumber Harvesting | 2 | |
| Armor | 3 | |
| Animal War Training | 1 | |
| Magic Sentry | 1 | |
| Barrage | 1 | |
| Fragmentation Shards | 1 | |
| Long Rifles | 1 | |
| Sorceress Training | 2 | |
| Priest Training | 1 | |
| Control Magic | 1 | |
30 total
» buildings
| Altar of Kings | 1 | |
| Farm | 6 | |
| Barracks | 3 | |
| Arcane Vault | 1 | |
| Scout Tower | 33 | |
| Arcane Tower | 1 | |
| Lumber Mill | 2 | |
| Town Hall | 3 | |
| Guard Tower | 19 | |
| Keep | 2 | |
| Blacksmith | 1 | |
| Castle | 1 | |
| Workshop | 4 | |
| Spirit Tower | 4 | |
| Arcane Sanctum | 1 | |
| Cannon Tower | 1 | |
83 total
» build order
00:06 Altar of Kings
00:09 Farm
01:02 Farm
01:05 Barracks
01:09 Barracks
01:33 Arcane Vault
01:55 Farm
02:23 Scout Tower
02:53 Arcane Tower
03:07 Farm
04:07 Lumber Mill
04:11 Scout Tower
05:01 Town Hall
05:03 Scout Tower
05:04 Scout Tower
05:07 Scout Tower
05:12 Guard Tower
05:34 Guard Tower
05:35 Guard Tower
06:27 Keep
06:33 Scout Tower
06:36 Scout Tower
07:02 Guard Tower
07:04 Guard Tower
07:19 Blacksmith
10:15 Castle
10:23 Barracks
10:26 Scout Tower
10:29 Scout Tower
10:36 Workshop
10:39 Scout Tower
10:46 Scout Tower
10:58 Guard Tower
11:12 Guard Tower
11:22 Guard Tower
11:25 Workshop
11:33 Workshop
11:36 Workshop
12:05 Spirit Tower
12:06 Spirit Tower
12:06 Spirit Tower
12:06 Spirit Tower
12:23 Farm
12:28 Scout Tower
12:31 Scout Tower
12:32 Scout Tower
12:35 Scout Tower
17:30 Guard Tower
19:47 Scout Tower
19:48 Scout Tower
22:15 Guard Tower
25:04 Town Hall
25:06 Scout Tower
25:08 Scout Tower
25:10 Scout Tower
25:12 Scout Tower
25:38 Guard Tower
25:38 Guard Tower
25:41 Scout Tower
25:42 Scout Tower
25:44 Guard Tower
25:46 Scout Tower
25:52 Scout Tower
26:16 Guard Tower
26:20 Guard Tower
27:35 Guard Tower
27:39 Scout Tower
27:42 Scout Tower
28:35 Guard Tower
30:01 Keep
30:19 Arcane Sanctum
30:28 Scout Tower
30:29 Scout Tower
30:38 Scout Tower
31:04 Guard Tower
31:10 Scout Tower
31:19 Guard Tower
31:42 Cannon Tower
32:22 Farm
34:04 Scout Tower
34:06 Scout Tower
34:09 Town Hall
34:54 Lumber Mill
» items
| Scroll of Regeneration | 4 | |
| Potion of Healing | 2 | |
| Scroll of Town Portal | 3 | |
| Lesser Clarity Potion | 1 | |
| Ivory Tower | 2 | |
| Mechanical Critter | 3 | |
| Potion of Lesser Invulnerability | 1 | |
| Periapt of Vitality | 1 | |
| Boots of Speed | 1 | |
| Staff of Teleportation | 1 | |
19 total
dontgoneBOB (
teal | 58 APM | 2145 actions | 37:10)
7 Goblin Tinker
3 Pocket Factory
3 Engineering Upgrade
1 Robo-Goblin
» actions
| Assign group hotkey | 34 | |
| Basic commands | 1 | |
| Build / train | 91 | |
| Enter build submenu | 21 | |
| Enter hero's abilities submenu | 8 | |
| Remove unit from queue | 3 | |
| Right click | 899 | |
| Select / deselect | 278 | |
| Select group hotkey | 715 | |
| Use ability | 95 | |
2145 total
» units
| Peasant | 12 | |
| Footman | 5 | |
| Goblin Shredder | 2 | |
| Crypt Fiend | 8 | |
| Gryphon Rider | 6 | |
| Goblin Zeppelin | 1 | |
34 total
» upgrades
| Masonry | 3 | |
| Swords | 3 | |
| Armor | 3 | |
| Web | 1 | |
| Lumber Harvesting | 1 | |
| Animal War Training | 1 | |
| Storm Hammers | 1 | |
13 total
» buildings
| Barracks | 1 | |
| Altar of Kings | 1 | |
| Farm | 11 | |
| Scout Tower | 8 | |
| Lumber Mill | 1 | |
| Arcane Tower | 1 | |
| Town Hall | 1 | |
| Arcane Vault | 1 | |
| Guard Tower | 5 | |
| Keep | 1 | |
| Blacksmith | 1 | |
| Gryphon Aviary | 3 | |
| Castle | 2 | |
| Crypt | 1 | |
| Sacrificial Pit | 1 | |
| Ziggurat | 2 | |
| Boneyard | 1 | |
42 total
» build order
00:18 Barracks
00:21 Altar of Kings
00:41 Farm
00:53 Farm
01:38 Farm
01:42 Scout Tower
01:56 Lumber Mill
02:20 Arcane Tower
02:52 Farm
04:06 Town Hall
04:08 Scout Tower
04:08 Scout Tower
04:09 Scout Tower
04:09 Scout Tower
04:17 Arcane Vault
05:00 Guard Tower
05:38 Guard Tower
06:53 Scout Tower
06:54 Scout Tower
06:54 Scout Tower
07:26 Keep
07:58 Blacksmith
08:05 Guard Tower
08:12 Farm
08:12 Farm
08:13 Farm
08:13 Farm
08:14 Farm
08:14 Farm
08:40 Guard Tower
08:40 Guard Tower
10:10 Gryphon Aviary
10:10 Gryphon Aviary
10:12 Castle
10:13 Castle
10:23 Crypt
10:55 Gryphon Aviary
11:38 Sacrificial Pit
11:40 Ziggurat
11:40 Ziggurat
13:09 Farm
13:19 Boneyard
» items
| Scroll of Regeneration | 4 | |
| Scroll of Town Portal | 5 | |
| Potion of Healing | 5 | |
| Orb of Fire | 1 | |
| Potion of Lesser Invulnerability | 2 | |
| Scroll of Healing | 1 | |
| Staff of Teleportation | 1 | |
| Potion of Invisibility | 1 | |
20 total
team 2 (loser)
HornyWisp (
purple | 67 APM | 2487 actions | 37:10)
6 Blademaster
3 Wind Walk
2 Critical Strike
1 Bladestorm
5 Shadow Hunter
3 Healing Wave
2 Hex
2 Tauren Chieftain
1 Endurance Aura
1 Shockwave
» actions
| Assign group hotkey | 32 | |
| Basic commands | 371 | |
| Build / train | 78 | |
| Enter build submenu | 23 | |
| Enter hero's abilities submenu | 13 | |
| Give item / drop item | 4 | |
| Right click | 915 | |
| Select / deselect | 326 | |
| Select group hotkey | 642 | |
| Use ability | 83 | |
2487 total
» units
| Peon | 14 | |
| Grunt | 8 | |
| Raider | 2 | |
| Kodo Beast | 1 | |
| Tauren | 2 | |
| Assassin | 3 | |
| Shaman | 3 | |
| Troll Batrider | 3 | |
| Kobold Geomancer | 1 | |
37 total
» upgrades
| Berserker Strength | 1 | |
| Ensnare | 1 | |
| Melee Weapons | 2 | |
| Armor | 2 | |
| Pillage | 1 | |
| War Drums Damage Increase | 1 | |
| Pulverize | 1 | |
| Shaman Training | 2 | |
11 total
» buildings
| Orc Burrow | 12 | |
| Altar of Storms | 1 | |
| Barracks | 1 | |
| Voodoo Lounge | 1 | |
| War Mill | 1 | |
| Stronghold | 2 | |
| Beastiary | 1 | |
| Fortress | 1 | |
| Tauren Totem | 1 | |
| Spirit Lodge | 1 | |
| Great Hall | 2 | |
24 total
» build order
00:05 Orc Burrow
00:08 Altar of Storms
00:31 Barracks
01:17 Voodoo Lounge
02:17 Orc Burrow
02:42 War Mill
03:53 Stronghold
04:46 Orc Burrow
06:12 Orc Burrow
06:26 Beastiary
07:59 Fortress
09:36 Orc Burrow
10:22 Tauren Totem
10:53 Orc Burrow
11:49 Spirit Lodge
12:07 Orc Burrow
21:00 Great Hall
24:48 Orc Burrow
24:54 Orc Burrow
24:58 Orc Burrow
25:01 Orc Burrow
25:13 Stronghold
25:44 Orc Burrow
28:42 Great Hall
» items
| Healing Salve | 2 | |
| Lesser Clarity Potion | 2 | |
| Scroll of Speed | 1 | |
| Orb of Lightning | 3 | |
| Orb of Venom | 1 | |
9 total
papa-leone (
pink | 36 APM | 931 actions | 26:06)
5 Warden
3 Fan of Knives
2 Shadow Strike
2 Keeper of the Grove
1 Entangling Roots
1 Thorns Aura
» actions
| Assign group hotkey | 21 | |
| Basic commands | 20 | |
| Build / train | 62 | |
| Enter build submenu | 19 | |
| Enter hero's abilities submenu | 7 | |
| Give item / drop item | 5 | |
| Right click | 303 | |
| Select / deselect | 223 | |
| Select group hotkey | 230 | |
| Use ability | 41 | |
931 total
» units
| Wisp | 19 | |
| Archer | 8 | |
| Chimaera | 6 | |
| Hippogryph | 4 | |
37 total
» upgrades
| Reinforced Hides | 3 | |
| Strength of the Wild | 3 | |
| Improved Bows | 1 | |
| Corrosive Breath | 1 | |
8 total
» buildings
| Altar of Elders | 1 | |
| Moon Well | 7 | |
| Ancient of War | 1 | |
| Ancient of Wonders | 1 | |
| Tree of Life | 1 | |
| Tree of Ages | 1 | |
| Hunter's Hall | 2 | |
| Tree of Eternity | 1 | |
| Ancient of Wind | 1 | |
| Chimaera Roost | 3 | |
19 total
» build order
00:21 Altar of Elders
00:38 Moon Well
00:56 Ancient of War
01:58 Moon Well
02:41 Moon Well
02:48 Ancient of Wonders
04:23 Tree of Life
04:27 Tree of Ages
04:32 Moon Well
05:23 Hunter's Hall
05:27 Hunter's Hall
07:19 Tree of Eternity
07:22 Ancient of Wind
10:04 Chimaera Roost
10:06 Chimaera Roost
10:07 Chimaera Roost
11:52 Moon Well
13:01 Moon Well
15:25 Moon Well
» items
| Periapt of Vitality | 2 | |
| Scroll of Town Portal | 2 | |
4 total
Lozl (
red | 44 APM | 1629 actions | 37:10)
7 Archmage
3 Summon Water Elemental
3 Brilliance Aura
1 Mass Teleport
» actions
| Assign group hotkey | 180 | |
| Basic commands | 240 | |
| Build / train | 56 | |
| Enter build submenu | 51 | |
| Enter hero's abilities submenu | 7 | |
| Give item / drop item | 2 | |
| Right click | 592 | |
| Select / deselect | 302 | |
| Select group hotkey | 106 | |
| Use ability | 93 | |
1629 total
» units
| Peasant | 12 | |
| Footman | 4 | |
| Goblin Shredder | 2 | |
| Gryphon Rider | 2 | |
20 total
» upgrades
| Lumber Harvesting | 1 | |
| Masonry | 2 | |
| Swords | 3 | |
| Armor | 3 | |
| Animal War Training | 1 | |
| Storm Hammers | 1 | |
11 total
» buildings
| Altar of Kings | 1 | |
| Barracks | 1 | |
| Farm | 12 | |
| Scout Tower | 22 | |
| Arcane Tower | 1 | |
| Town Hall | 2 | |
| Keep | 2 | |
| Arcane Vault | 1 | |
| Lumber Mill | 2 | |
| Castle | 3 | |
| Blacksmith | 1 | |
| Guard Tower | 4 | |
| Gryphon Aviary | 11 | |
63 total
» build order
00:50 Altar of Kings
00:54 Barracks
01:06 Farm
01:09 Farm
01:21 Farm
01:27 Scout Tower
02:09 Arcane Tower
02:43 Farm
03:57 Town Hall
04:06 Keep
04:25 Arcane Vault
05:20 Lumber Mill
07:24 Farm
07:46 Scout Tower
07:47 Scout Tower
07:48 Scout Tower
07:48 Scout Tower
07:55 Castle
07:58 Blacksmith
09:13 Town Hall
09:16 Scout Tower
09:16 Scout Tower
09:18 Scout Tower
09:18 Scout Tower
09:19 Scout Tower
09:20 Scout Tower
09:21 Scout Tower
09:22 Scout Tower
10:40 Guard Tower
10:43 Guard Tower
10:57 Lumber Mill
11:39 Gryphon Aviary
11:41 Gryphon Aviary
11:45 Gryphon Aviary
12:55 Gryphon Aviary
12:58 Gryphon Aviary
13:01 Gryphon Aviary
14:23 Farm
14:24 Farm
14:26 Farm
14:27 Farm
14:29 Farm
14:29 Farm
15:26 Gryphon Aviary
15:27 Gryphon Aviary
15:32 Gryphon Aviary
15:34 Gryphon Aviary
15:40 Gryphon Aviary
17:43 Scout Tower
17:44 Scout Tower
17:45 Scout Tower
17:47 Scout Tower
17:48 Scout Tower
17:53 Scout Tower
17:54 Scout Tower
17:56 Scout Tower
17:58 Scout Tower
18:53 Guard Tower
19:08 Guard Tower
20:50 Keep
23:25 Castle
23:25 Castle
33:29 Farm
» items
| Scroll of Regeneration | 5 | |
| Staff of Teleportation | 1 | |
| Scroll of Healing | 1 | |
7 total

»
smellynoise (
green | 34 APM | 931 actions | 27:35)
6 Keeper of the Grove
2 Force of Nature
3 Thorns Aura
1 Tranquility
» actions
| Basic commands | 18 | |
| Build / train | 119 | |
| Enter build submenu | 26 | |
| Enter hero's abilities submenu | 6 | |
| Give item / drop item | 7 | |
| Remove unit from queue | 3 | |
| Right click | 281 | |
| Select / deselect | 408 | |
| Use ability | 63 | |
931 total
» units
| Wisp | 51 | |
| Archer | 19 | |
| Druid of the Talon | 1 | |
| Glaive Thrower | 5 | |
| Hippogryph | 12 | |
| Chimaera | 1 | |
| Faerie Dragon | 1 | |
90 total
» upgrades
| Strength of the Moon | 4 | |
| Moon Armor | 2 | |
| Improved Bows | 1 | |
| Vorpal Blades | 1 | |
| Marksmanship | 1 | |
| Corrosive Breath | 1 | |
10 total
» buildings
| Moon Well | 7 | |
| Altar of Elders | 1 | |
| Ancient of War | 3 | |
| Ancient of Wonders | 1 | |
| Tree of Ages | 1 | |
| Hunter's Hall | 1 | |
| Tree of Life | 6 | |
| Tree of Eternity | 1 | |
| Ancient of Wind | 2 | |
| Chimaera Roost | 1 | |
| Ancient Protector | 1 | |
25 total
» build order
00:27 Moon Well
00:37 Altar of Elders
00:51 Ancient of War
01:39 Moon Well
01:52 Ancient of Wonders
02:17 Ancient of War
02:35 Moon Well
03:11 Ancient of War
03:48 Tree of Ages
04:18 Hunter's Hall
05:27 Tree of Life
05:57 Moon Well
06:55 Moon Well
07:02 Tree of Eternity
08:00 Ancient of Wind
13:16 Tree of Life
13:46 Chimaera Roost
14:27 Moon Well
16:18 Tree of Life
16:40 Ancient of Wind
19:46 Tree of Life
21:25 Tree of Life
21:34 Tree of Life
21:49 Ancient Protector
21:54 Moon Well
» items
| Moonstone | 1 | |
| Dust of Appearance | 1 | |
| Potion of Healing | 1 | |
| Scroll of Town Portal | 1 | |
4 total
Chat log
(00:09 / Allies) LiquidKushh: not afk
(00:14 / Allies) ThePunished: Of course I'm not
(00:21 / Allies) LiquidKushh: helll yeha
(00:25 / Allies) LiquidKushh: im drunk
(00:33 / Allies) ThePunished: God damn I didn't want to be on your team jake now my strat won't work
(02:18 / All) dontgoneBOB: i am homo who likes denzel ashinging
(05:21 / Allies) dontgoneBOB: wood
(06:04 / Allies) dontgoneBOB: expos
(06:20 / All) papa-leone: MY CREEP BITCH
(06:31 / Allies) dontgoneBOB: meet guys
(06:32 / Allies) dontgoneBOB: lets hit
(06:32 / Allies) dontgoneBOB: expos
(06:43 / Allies) dontgoneBOB: meet
(07:02 / Allies) dontgoneBOB: meet
(07:09 / Allies) dontgoneBOB: come orange
(07:41 / Allies) dontgoneBOB: come blue
(07:43 / Allies) dontgoneBOB: jesus christ
(07:53 / Allies) ThePunished: stop jerking off your archers there
(08:03 / Allies) LiquidKushh: 2
(08:55 / Allies) dontgoneBOB: skip mains
(08:56 / Allies) dontgoneBOB: hit
(09:11 / Allies) dontgoneBOB: stop orange
(09:23 / Allies) dontgoneBOB: GUYS
(09:23 / Allies) dontgoneBOB: STOP
(09:25 / Allies) dontgoneBOB: JESUS
(12:56 / Allies) dontgoneBOB: ill hlep of if they come
(17:40 / Allies) dontgoneBOB: hit
(17:41 / Allies) dontgoneBOB: main
(17:42 / Allies) dontgoneBOB: bases
(17:48 / Allies) ThePunished: I need my Am
(17:52 / Allies) ThePunished: His BM killed it
(18:07 / All) dontgoneBOB: can u guys plz leave
(18:10 / All) dontgoneBOB: u are gonna lose
(18:13 / All) papa-leone: okay
(18:42 / All) Lozl: Get my perfect 11 griffs hero control group instant made
(19:14 / Allies) dontgoneBOB: tp
(19:19 / Allies) ThePunished: k
(19:25 / Allies) ThePunished: am almost done
(20:04 / All) Lozl: Kill red they say
(20:19 / Allies) dontgoneBOB: dont waste copters
(20:42 / All) Lozl: The great and glorious Lord Lozl is unassailable!
(21:33 / Allies) dontgoneBOB: put shit
(21:34 / Allies) dontgoneBOB: at their bases
(21:37 / Allies) dontgoneBOB: like critters
(21:39 / Allies) dontgoneBOB: or peasants
(22:04 / All) Lozl: Fucking bser
(22:06 / All) Lozl: Pink
(22:11 / All) Lozl: You guys might pull it off
(22:16 / All) dontgoneBOB: plz leave pink sucks
(22:19 / All) dontgoneBOB: i owned him 1v4
(23:01 / All) Lozl: Pink has been killing our bases
(23:22 / All) Lozl: green bsing too
(23:38 / All) Lozl: I think green and pink are butt buddies
(23:46 / All) HornyWisp: its only fucking teamkillers online tonite...
(23:55 / All) ThePunished: We were in your last game lol
(24:00 / All) dontgoneBOB: fuckign pink ruined oru game
(24:08 / All) ThePunished: I was the wyrmbot, red was the judas tree
(24:16 / All) ThePunished: Teal was the spy on your team
(24:18 / All) smellynoise: ur a fag red
(24:31 / All) Lozl: Fuck you bsing scum
(25:03 / All) dontgoneBOB: LEAVE green u got raped
(25:14 / All) papa-leone: im not eveen mad...i feel bad for red. if that gives him a rise than shit he has some serious problems
(25:34 / All) dontgoneBOB: pink is the one who bsed i thought?
(25:43 / All) papa-leone: no bitch it was red
(25:46 / All) Lozl: You attacked me then you try to psychoanalyze me?
(25:51 / All) Lozl: Dude you're all kinds of fucked up
(26:01 / All) Lozl: YOU KILLED MY TIER 3 HALL DUDE
(26:08 / All) Lozl: you and your butt buddy green
(27:02 / All) Lozl: We had this game won till pink started being an ass
(27:06 / All) dontgoneBOB: i spared u purple why are ukillign me
(27:25 / All) ThePunished: Die fahne hoch is playing in the background. I am invulnerable
(28:20 / All) dontgoneBOB: god orange and blue this game
(28:25 / All) dontgoneBOB: were soo uncoperative
(28:27 / All) Lozl: Yeah you guys got lucky
(28:31 / All) Lozl: We had two bsers
(28:35 / All) dontgoneBOB: pink
(28:37 / All) dontgoneBOB: what a jerk
(28:40 / All) dontgoneBOB: the nerve
(28:55 / All) dontgoneBOB: yellow have you ever encountered arrogant people like pink
(29:02 / All) dontgoneBOB: ruins our games
(29:22 / All) Lozl: I'm reporting pink to Blizzard I suggest that you do too
(29:26 / All) ThePunished: I will
(29:26 / All) Lozl: Maybe together we can make a difference
(29:28 / All) ThePunished: What a fag
(29:31 / All) dontgoneBOB: thank you for advice we will
(29:37 / All) ThePunished: Putting the replay on highper.ch too so other people can as well!
(29:48 / All) HornyWisp: ur just as big of a fag red
(29:51 / All) Lozl: lol
(30:24 / All) HornyWisp: now what?
(30:30 / All) HornyWisp: u gonna sit around?
(30:31 / All) dontgoneBOB: well pruple
(30:33 / All) dontgoneBOB: we played u last game
(30:35 / All) dontgoneBOB: remember
(30:38 / All) dontgoneBOB: 10 min ago?
(30:41 / All) Lozl: Now you lose
(30:42 / All) dontgoneBOB: think real hard
(30:45 / All) dontgoneBOB: what we're gonn ado
(30:49 / All) Lozl: I was red both games
(30:51 / All) HornyWisp: no, i dont, i dont even care
(30:52 / All) Lozl: JudasTrees
(30:55 / All) ThePunished: I raped you with my wyrms since I hate nasty horny wisps
(31:20 / All) dontgoneBOB: hornywisp was blue and in top left corner
(31:37 / All) HornyWisp: i was, and we got teamkilled again
(31:42 / All) Lozl: Yeah lol
(31:52 / All) dontgoneBOB: THINK REAL HARD PUPRLE, What we're gonna do this game
(31:54 / All) Lozl: I am the one that killed your base
(31:57 / All) Lozl: All your burrows and hall
(32:29 / All) HornyWisp: since u guys are all fucked up
(32:43 / All) dontgoneBOB: yes?
(32:46 / All) dontgoneBOB: we will you do
(33:03 / All) HornyWisp: now u dont even make sense dude
(33:11 / All) dontgoneBOB: what are you gonna do purple
(33:12 / All) Lozl: Finish your thought bro
(33:28 / All) dontgoneBOB: you said "since we are fucked up"
(33:33 / All) HornyWisp: u are
(33:37 / All) Lozl: lol
(33:39 / All) HornyWisp: end of thought
(33:44 / All) dontgoneBOB: thats an incomplete sentence
(33:45 / All) Lozl: Then you should have said
(33:49 / All) Lozl: "you guys are all fucked up
(34:41 / All) Lozl: Well purple
(34:59 / All) Lozl: Any wisdom you wish to impart upon the viewing masses?
(35:55 / All) Lozl: Purple?
(37:07 / All) Lozl: Purple is a deep individual
(37:09 / All) ThePunished: SURPRISE BITCH